 Dungeon Crawl Stone Soup version 0.20-a0-738-gb057e68 (webtiles) character file.

158 Laan the Magician (level 5, -4/35 HPs)
             Began as a Mummy Fire Elementalist on Feb 24, 2017.
             Killed from afar by mora's ghost (15 damage)
             ... with a puff of flame
             ... on level 3 of the Dungeon.
             The game lasted 00:06:19 (3641 turns).

Laan the Magician (Mummy Fire Elementalist)         Turns: 3641, Time: 00:06:20

Health: -4/35      AC:  3    Str: 12    XL:     5   Next: 16%
Magic:  8/11       EV: 12    Int: 18    God:
Gold:   159        SH:  0    Dex: 12    Spells: 4/12 levels left

rFire    x . .     SeeInvis .   h - +1 spear (venom)
rCold    + . .     Gourm    .   a - +0 robe
rNeg     + + +     Faith    .   (no shield)
rPois    ∞         Spirit   .   (no helmet)
rElec    .         Reflect  .   i - +0 cloak
rCorr    .         Harm     .   (no gloves)
MR       .....                  (no boots)
Stlth    ++........             (no amulet)
Regen    0.2/turn               (no ring)
MPRegen  0.2/turn               e - +3 ring of intelligence

@: no status effects
A: no food or potions, fire vulnerability, cold resistance 1, negative energy
resistance 3, torment resistance, unbreathing
a: no special abilities


You were on level 3 of the Dungeon.
You were not hungry.

You visited 1 branch of the dungeon, and saw 3 of its levels.

You collected 159 gold pieces.

Inventory:

Hand Weapons
 h - a +1 spear of venom (weapon)
Armour
 a - a +0 robe (worn)
 g - a +0 large shield
 i - a +0 cloak (worn)
Jewellery
 e - a +3 ring of intelligence (left hand)
Scrolls
 c - a scroll of fog {unknown}
 d - 2 scrolls of teleportation {unknown}
 f - 2 scrolls of enchant weapon {unknown}
 j - a scroll of remove curse {unknown}
 l - a scroll of identify {unknown}
Books
 b - a book of Flames

   Spells                             Type                      Level
   a - Flame Tongue                   Conjuration/Fire             1
   b - Throw Flame                    Conjuration/Fire             2
   c - Conjure Flame                  Conjuration/Fire             3
   d - Inner Flame                    Hexes/Fire                   3
   e - Sticky Flame                   Conjuration/Fire             4
   f - Fireball                       Conjuration/Fire             5
 k - a book of Maledictions

   Spells                             Type                      Level
   a - Corona                         Hexes                        1
   b - Ensorcelled Hibernation        Hexes/Ice                    2
   c - Confuse                        Hexes                        3
   d - Tukima's Dance                 Hexes                        3
   e - Dazzling Spray                 Conjuration/Hexes            3


   Skills:
 - Level 1.5 Dodging
 - Level 1.5 Stealth
 + Level 4.4 Spellcasting
 * Level 3.3 Conjurations
 - Level 2.4 Fire Magic


You had 4 spell levels left.
You knew the following spells:

 Your Spells              Type           Power        Failure   Level  Hunger
a - Flame Tongue          Conj/Fire      ##...        6%          1    N/A
b - Conjure Flame         Conj/Fire      ##......     17%         3    N/A
c - Sticky Flame          Conj/Fire      ##......     54%         4    N/A

Dungeon Overview and Level Annotations

Branches:
Dungeon (3/15)

Altars:
Cheibriados
Hepliaklqana
Qazlal

Annotations:
D:3 mora's ghost, amateur GrFE


Innate Abilities, Weirdness & Mutations

You do not eat or drink.
Your flesh is vulnerable to fire.
You are immune to poison.
Your flesh is cold resistant. (rC+)
You are immune to negative energy. (rN+++)
You are immune to unholy pain and torment.
You can survive without breathing.


Message History

Mora's ghost screams, "You will join me soon!"
Mora's ghost gestures at you while chanting.
The puff of flame hits you! The fire burns you terribly!
Casting: Conjure Flame
Confirm with . or Enter, or press ? or * to list all spells.
Aiming: Flame Tongue
Press: ? - help, Shift-Dir - straight line, f - mora's ghost
Aim: mora's ghost, wielding a weapon of flaming The flame tongue hits mora's ghost.
Mora's ghost is lightly damaged.
Mora's ghost says, "They lied to you.
The Dungeon just goes down and down forever."
Things that are here:
a jackal skeleton x2
A ball python comes into view.
Mora's ghost casts a spell at you. The puff of flame hits you!
The fire burns you terribly!
* * * LOW HITPOINT WARNING * * *
Mora's ghost points at you and mumbles some strange words.
The puff of flame hits you! The fire burns you terribly!
You die...

..# #.....)...............
..# #..(.............#####
..# #................# ..#
#.....)...)......#
..##########....W#..........#
...........#.##..#..........#
...........#.##..#..........#
...........#.###.#..........#
....(......#.#..@#######....#
.................# #.†..#
...........#.#...# #....#
...........#.#...# #......
...........#.....# #.......
...........###...# #.........
...........###...##
#.........
...........#......#
###.......
....#.............#


You could see mora's ghost.

Vanquished Creatures
  An orc priest (D:3)
  5 adders
  2 dart slugs
  3 worms
  2 leopard geckos
  4 orcs (D:3)
  9 bats
  2 giant cockroaches (D:1)
  7 goblins
  6 hobgoblins
  9 jackals
  6 kobolds
  A quokka (D:3)
  2 ball pythons
  6 frilled lizards
  2 rats
67 creatures vanquished.

Notes
Turn   | Place    | Note
-------+----------+-------------------------------------------
     0 | D:1      | Laan the Mummy Fire Elementalist began the quest for the Orb.
     0 | D:1      | Reached XP level 1. HP: 13/13 MP: 4/4
    86 | D:1      | Reached skill level 1 in Conjurations
   211 | D:1      | Reached skill level 3 in Spellcasting
   257 | D:1      | Reached XP level 2. HP: 17/19 MP: 3/6
  1131 | D:1      | Reached XP level 3. HP: 24/24 MP: 4/7
  1640 | D:2      | Found a faded altar of an unknown god.
  1856 | D:2      | Found a stormy altar of Qazlal.
  1860 | D:2      | Found a snail-covered altar of Cheibriados.
  2014 | D:2      | Reached XP level 4. HP: 30/30 MP: 7/9
  2476 | D:3      | Reached skill level 4 in Spellcasting
  2589 | D:3      | Noticed mora's ghost (amateur GrFE)
  2758 | D:2      | You fall through a shaft!
  2809 | D:3      | Learned a level 3 spell: Conjure Flame
  2814 | D:3      | Learned a level 4 spell: Sticky Flame
  2918 | D:3      | Reached XP level 5. HP: 35/35 MP: 5/11
  3325 | D:3      | Found a hazy altar of Hepliaklqana.
  3641 | D:3      | Killed from afar by mora's ghost

Vault maps used:
D:1:      mushboom_english_gardens, item_on_display_a
D:2:      chequers_temple_overflow_statue_of_worship,
          chequers_ecumenical_altar_simple_redux
D:3:      lemuel_coloured_pillars_altar, minivault_23

Skill      XL: |  1  2  3  4 |
---------------+-------------+-----
Conjurations   | 1 2 3 |  3.3
Spellcasting   | 3 4 |  4.4
Dodging        | |  1.5
Stealth        | |  1.5
Fire Magic     | |  2.4

Action                   |  1- 3 |  4- 6 || total
-------------------------+-------+-------++-------
Melee: Unarmed           |     2 |       ||     2
       Spear             |       |    28 ||    28
 Cast: Flame Tongue      |    78 |    44 ||   122
       Conjure Flame     |       |     1 ||     1
 Stab: Sleeping          |       |     1 ||     1
Armor: Robe              |     4 |    13 ||    17
Dodge: Dodged            |    20 |    26 ||    46
